AoeStats
← wberkan

Arabia

505750434Analyzed
2v2 RM · 2mo ago on Sep 10, 2026· 57m 32s· 4 players
Game mode
Random Map
Map size
Medium (4 player)
Population
200
Speed
Normal
Resources
Standard
Victory
Conquest
Starting age
Dark Age
Ending age
Imperial Age
RankedLock teamsTeams togetherTeam positionsShared explorationLock speedFull tech treeHidden civsTurbo modeCheats
Victory
Defeat
🇹🇷 Saracens · Türkiye
981
+14
🇹🇷 Spanish · Türkiye
970
+15
vs
🇷🇺 Romans · Russia
970
-15
🇵🇪 Celts · Peru
923
-14
ZHENYABRUSS
3:23 Loom
11:56 Feudal Age
18:15 Castle Age
19:09 Forging
19:00 Scale Mail Armor
19:02 Double-Bit Axe
19:52 Town Watch
20:28 Horse Collar
22:32 Wheelbarrow
22:32 Scale Mail Armor
25:04 Heavy Plow
27:10 Hand Cart
32:26 Imperial Age
30:24 Fletching
31:12 Bodkin Arrow
31:37 Chain Mail Armor
31:37 Ballistas
32:36 Murder Holes
33:10 Masonry
33:41 Conscription
35:49 Architecture
36:30 Ballistics
36:45 Crop Rotation
38:40 Town Patrol
39:24 Bow Saw
40:14 Iron Casting
39:45 Scale Barding Armor
39:17 Heavy Scorpion
42:09 Siege Engineers
44:34 Blast Furnace
43:55 Chain Barding Armor
44:13 Bloodlines
44:05 Husbandry
46:46 Chain Mail Armor
47:07 Plate Barding Armor
46:49 Pikeman
47:30 Squires
48:30 Halberdier
PENETRON
0:32 Loom
14:07 Feudal Age
14:36 Horse Collar
14:58 Double-Bit Axe
15:24 Gold Mining
15:33 Stone Mining
21:54 Castle Age
20:26 Forging
20:06 Arson
20:59 Scale Mail Armor
20:23 Man-at-Arms
22:45 Heavy Plow
22:58 Bow Saw
22:16 Long Swordsman
22:42 Gambesons
23:38 Pikeman
26:36 Fletching
26:47 Padded Archer Armor
26:20 Elite Skirmisher
29:32 Leather Archer Armor
34:16 Wheelbarrow
35:06 Bodkin Arrow
43:56 Imperial Age
42:40 Chain Mail Armor
44:02 Capped Ram
wberkan
7:39 Loom
12:06 Feudal Age
13:30 Double-Bit Axe
18:35 Scale Barding Armor
21:18 Castle Age
22:26 Bow Saw
24:10 Crossbowman
24:56 Thumb Ring
25:02 Fletching
27:07 Bodkin Arrow
27:29 Padded Archer Armor
28:21 Scale Barding Armor
29:51 Ballistics
29:31 Gold Mining
29:56 Horse Collar
30:59 Leather Archer Armor
34:28 Wheelbarrow
40:42 Imperial Age
38:44 Husbandry
38:55 Bloodlines
39:25 Heavy Plow
40:19 Chain Barding Armor
40:12 Forging
40:10 Light Cavalry
42:01 Hand Cart
42:48 Conscription
43:54 Iron Casting
43:51 Hussar
46:18 Two-Man Saw
45:26 Stone Mining
45:04 Elite Mameluke
46:56 Plate Barding Armor
47:22 Blast Furnace
Araluen
11:54 Feudal Age
15:17 Double-Bit Axe
19:12 Castle Age
17:42 Loom
17:56 Gold Mining
18:11 Horse Collar
20:50 Scale Barding Armor
20:37 Fletching
21:13 Padded Archer Armor
22:00 Heavy Plow
22:12 Bow Saw
22:51 Scale Barding Armor
23:00 Stone Mining
24:01 Leather Archer Armor
26:38 Stone Shaft Mining
28:09 Wheelbarrow
27:56 Husbandry
30:11 Hand Cart
31:31 Bloodlines
30:49 Light Cavalry
33:55 Chain Barding Armor
33:45 Forging
37:37 Imperial Age
38:07 Hussar
39:43 Supremacy
41:41 Ring Archer Armor
41:48 Plate Barding Armor
41:48 Iron Casting
40:47 Elite Conquistador
Connection lost

Rejoining the realm…

Still unreachable

The connection could not be restored.

Session expired

The server has moved on; the page needs a fresh start.